 Dungeon Crawl Stone Soup version 0.21-a0-437-ge5bf024 (webtiles) character file.

2872 tof the Cruncher (level 9, -1/78 HPs)
             Began as a Minotaur Gladiator on Nov 9, 2017.
             Was an Elder of Okawaru.
             Slain by a killer bee (6 damage)
             ... on level 7 of the Dungeon.
             The game lasted 00:18:04 (7739 turns).

tof the Cruncher (Minotaur Gladiator)               Turns: 7739, Time: 00:18:05

Health: -1/78      AC: 15    Str: 18    XL:     9   Next: 47%
Magic:  8/8        EV:  9    Int:  5    God:    Okawaru [****..]
Gold:   376        SH:  0    Dex: 20    Spells: 8/8 levels left

rFire    . . .     SeeInvis .   a - +0 quarterstaff
rCold    . . .     Gourm    .   (shield currently unavailable)
rNeg     . . .     Faith    .   o - +0 plate armour
rPois    .         Spirit   .   f - +0 hat
rElec    .         Reflect  .   (no cloak)
rCorr    .         Harm     .   n - +0 pair of gloves
MR       .....                  v - +0 pair of boots
Stlth    ..........             (no amulet)
HPRegen  0.23/turn              p - +4 ring of dexterity
MPRegen  0.11/turn              (no ring)

@: lethally poisoned (-1 -> -7)
A: retaliatory headbutt, horns 2
a: Heroism, Renounce Religion


You were on level 7 of the Dungeon.
You worshipped Okawaru.
Okawaru was greatly pleased with you.
You were not hungry.

You visited 1 branch of the dungeon, and saw 7 of its levels.
You also visited: Sewer.

You collected 376 gold pieces.

Inventory:

Hand Weapons
 a - a +0 quarterstaff (weapon)
 b - a +4 hunting sling
 G - a cursed +0 quarterstaff
Missiles
 d - 3 throwing nets
 y - 5 needles of sleeping
 B - a javelin
 D - 134 stones
 E - 27 sling bullets
 L - 5 javelins of returning (quivered)
Armour
 f - a +0 hat (worn)
 n - a +0 pair of gloves (worn)
 o - a +0 plate armour (worn)
 v - a +0 pair of boots (worn)
Jewellery
 p - a +4 ring of dexterity (left hand)
 C - an uncursed ring of magical power
Wands
 w - a wand of lightning (9/15)
 J - a wand of digging (12/24)
Scrolls
 i - a scroll of recharging
 l - 3 scrolls of enchant weapon
 m - 2 scrolls of remove curse
 t - 2 scrolls of amnesia
 u - 2 scrolls of blinking
 x - 5 scrolls of enchant armour
 F - a scroll of immolation
Potions
 h - 2 potions of curing
 j - 2 potions of flight
 k - a potion of degeneration {unknown}
 q - a potion of lignification {unknown}
 r - a potion of agility {unknown}
 s - a potion of mutation {unknown}
 A - a potion of might
 H - a potion of magic {unknown}
 I - a potion of invisibility {unknown}
 K - a potion of cancellation
Comestibles
 c - 4 bread rations
 g - 5 meat rations
 z - 3 royal jellies
 M - 5 chunks of flesh


   Skills:
 + Level 6.7 Fighting
 * Level 9.8 Staves
 + Level 5.6 Throwing
 + Level 6.3 Armour
 + Level 6.7 Dodging


You had 8 spell levels left.
You didn't know any spells.

Dungeon Overview and Level Annotations

Branches:
Dungeon (7/15)             Temple (0/1) D:7

Altars:
Ashenzari
Elyvilon
Makhleb
Okawaru

Shops:
D:4 [


Innate Abilities, Weirdness & Mutations

You reflexively headbutt those who attack you in melee.
You have a pair of horns on your head.


Message History

* * * LOW HITPOINT WARNING * * *
You are lethally poisoned!
The killer bee poisons you!
The centaur hits you but does no damage.
You hit the centaur but do no damage.
The centaur is severely wounded.
The killer bee misses you. The killer bee barely misses you.
The centaur hits you but does no damage.
The killer bee stings you but does no damage.
The killer bee closely misses you.
You closely miss the centaur.
You headbutt the centaur, but do no damage.
The centaur is severely wounded.
* * * LOW HITPOINT WARNING * * *
You feel sick.
The killer bee stings you but does no damage.
The killer bee closely misses you.
The centaur hits you but does no damage.
The killer bee stings you.
You die...

#.......# #..(....#
#.......#### #......
#... #
######....###..# #
#.........##..#
#.......%.##.#
#..........c.#
#........#.#@######..
#.......(...yyyy.....
##.......#.#.######..
..#. #.♣.♣.......#
####... #..>...###..#
........
#.♣.♣..##..##
#........
##......##.##
#........
#...#......# ........
###.###...####
....#.#.


You could see a centaur and 4 killer bees.

Vanquished Creatures
  The ghost of kae the Chopper, an amateur HOFi (D:3)
  Sigmund (D:5)
  Menkaure (D:4)
  Duvessa (D:7)
  A phantom (D:5)
  3 ogres
  2 centaurs (D:6)
  4 big kobolds (Sewer)
  Blork the orc (D:4)
  A bullfrog (D:6)
  Dowan (D:7)
  2 scorpions
  8 killer bees (D:7)
  5 wights (D:7)
  A bullfrog zombie (D:5)
  A crimson imp (D:5)
  An orc priest (D:2)
  4 hounds
  An iguana (D:5)
  2 orc wizards
  2 worker ants
  Robin (D:4)
  4 gnolls (D:3)
  3 river rats (Sewer)
  10 adders
  5 oozes
  An adder skeleton (D:6)
  4 worms (Sewer)
  A dart slug (D:1)
  5 leopard geckos
  15 orcs
  6 ball pythons
  9 giant cockroaches
  15 goblins
  13 hobgoblins
  3 jackals (D:2)
  A ball python zombie (D:5)
  5 bats
  2 frilled lizards (D:3)
  7 kobolds
  A leopard gecko skeleton (D:3)
  9 rats
164 creatures vanquished.

Notes
Turn   | Place    | Note
-------+----------+-------------------------------------------
     0 | D:1      | tof the Minotaur Gladiator began the quest for the Orb.
     0 | D:1      | Reached XP level 1. HP: 18/18 MP: 0/0
    38 | D:1      | Reached XP level 2. HP: 25/25 MP: 1/1
    53 | D:1      | Reached skill level 4 in Staves
   145 | D:1      | Reached skill level 1 in Armour
   393 | D:1      | Reached XP level 3. HP: 30/30 MP: 2/2
   793 | D:2      | Found a faded altar of an unknown god.
  1308 | D:2      | Reached XP level 4. HP: 37/37 MP: 3/3
  1424 | D:2      | Reached skill level 5 in Staves
  1821 | D:2      | Found an iron altar of Okawaru.
  1931 | D:2      | Became a worshipper of Warmaster Okawaru
  2161 | D:3      | Reached XP level 5. HP: 42/45 MP: 4/4
  2382 | D:3      | Found a burning altar of Makhleb.
  2387 | D:3      | Found a shattered altar of Ashenzari.
  2394 | D:3      | Found a white marble altar of Elyvilon.
  2998 | D:3      | Noticed kae's ghost (amateur HOFi)
  3012 | D:3      | Killed kae's ghost
  3012 | D:3      | Reached skill level 6 in Staves
  3012 | D:3      | Reached XP level 6. HP: 31/52 MP: 5/5
  3221 | D:4      | Found Liatut's Antique Armour Emporium.
  3349 | D:4      | Noticed Blork the orc
  3364 | D:4      | Killed Blork the orc
  3364 | D:4      | Reached * piety under Okawaru
  3366 | D:4      | Reached XP level 7. HP: 56/59 MP: 6/6
  3406 | D:4      | Lost intelligence.
  3427 | D:4      | Noticed Menkaure
  3441 | D:4      | Killed Menkaure
  3973 | D:4      | Noticed Robin
  4233 | D:5      | Entered Level 5 of the Dungeon
  4401 | D:5      | Reached skill level 7 in Staves
  4401 | D:5      | Reached skill level 5 in Dodging
  4564 | D:5      | Noticed Sigmund
  4583 | D:5      | Killed Sigmund
  4583 | D:5      | Reached ** piety under Okawaru
  4583 | D:5      | Reached skill level 5 in Fighting
  4583 | D:5      | Reached XP level 8. HP: 68/68 MP: 7/7
  5124 | D:6      | Reached skill level 8 in Staves
  5383 | D:6      | Found a glowing drain.
  5404 | Sewer    | Entered a sewer
  5450 | Sewer    | Reached skill level 5 in Armour
  5521 | Sewer    | Reached *** piety under Okawaru
  6124 | Sewer    | Reached skill level 5 in Throwing
  6491 | D:4      | Killed Robin
  6713 | D:6      | Reached skill level 9 in Staves
  6713 | D:6      | Reached XP level 9. HP: 62/75 MP: 8/8
  7109 | D:7      | Found an iron altar of Okawaru.
  7189 | D:7      | Noticed Duvessa
  7189 | D:7      | Noticed Dowan
  7232 | D:7      | Killed Dowan
  7243 | D:7      | Killed Duvessa
  7661 | D:7      | Found a staircase to the Ecumenical Temple.
  7701 | D:7      | Reached **** piety under Okawaru
  7739 | D:7      | Slain by a killer bee

Vault maps used:
D:1:      lightli_iron_boxes
D:2:      kennysheep_okawaru_gauntlet, chequers_ecumenical_altar_simple,
          first_bread
D:3:      minitemple
D:4:      serial_shops, shop, uniq_menkaure, uniq_robin, uniq_blork_the_orc
D:5:      uniq_sigmund
D:6:      gup_sewer_entry_pipe
D:7:      minmay_temple_entry_trees, serial_glass, glass_columns_b,
          glass_columns_a, glass_columns_a, glass_columns_a, basic_altar,
          uniq_duvessa
Sewer:    sewer_co_tree

Skill      XL: |  1  2  3  4  5  6  7  8  9 |
---------------+----------------------------+-----
Staves         | 4 5 6 7 9 |  9.8
Armour         | 1 2 3 4 5 6 |  6.3
Fighting       | 3 4 5 6 |  6.7
Dodging        | 4 5 6 |  6.7
Throwing       | 3 4 5 |  5.6

Action                   |  1- 3 |  4- 6 |  7- 9 || total
-------------------------+-------+-------+-------++-------
Melee: Quarterstaff      |    69 |    83 |   303 ||   455
       Headbutt          |     9 |    14 |    71 ||    94
 Fire: Hunting sling     |       |       |    21 ||    21
Throw: Javelin           |       |     5 |     5 ||    10
       Throwing net      |       |     5 |     5 ||    10
  Use: Scroll            |       |       |     8 ||     8
       Potion            |       |       |     3 ||     3
  Eat: Chunk             |     1 |     1 |    13 ||    15
       Bread ration      |       |     1 |     1 ||     2
Armor: Leather armour    |     2 |       |       ||     2
       Ring mail         |    14 |       |       ||    14
       Plate armour      |     7 |    66 |   178 ||   251
Dodge: Dodged            |    30 |    44 |   137 ||   211

Table legend:
 A = Spawn XP
 B = Non-spawn XP
 C = Spawn XP percentage of total XP
 D = Spawn monster count
 E = Non-spawn monster count
 F = Spawn count percentage of total count
 G = Total turns spent on level
                    A         B        C        D         E        F      G
               +---------+---------+-------+---------+---------+-------+---------
         Total |       0 |    4104 |   0.0 |       0 |     164 |   0.0 |  7739
               +---------+---------+-------+---------+---------+-------+---------
           D:1 |       0 |      55 |   0.0 |       0 |      26 |   0.0 |   750
           D:2 |       0 |     136 |   0.0 |       0 |      19 |   0.0 |  1395
           D:3 |       0 |     418 |   0.0 |       0 |      18 |   0.0 |  1101
           D:4 |       0 |     351 |   0.0 |       0 |      17 |   0.0 |  1233
           D:5 |       0 |     859 |   0.0 |       0 |      22 |   0.0 |   876
           D:6 |       0 |     497 |   0.0 |       0 |      15 |   0.0 |   924
           D:7 |       0 |    1236 |   0.0 |       0 |      19 |   0.0 |   641
         Sewer |       0 |     552 |   0.0 |       0 |      28 |   0.0 |   819
               +---------+---------+-------+---------+---------+-------+---------
